[Event "*** Titled Tuesday Blitz"]
[Site "Chess.com"]
[Date "2020.05.05"]
[Round "1"]
[White "TheoSlade"]
[Black "albi1999"]
[Result "0-1"]
[WhiteElo "2278"]
[BlackElo "2604"]
[TimeControl "180+1"]
[EndTime "10:07:54 PDT"]
[Termination "albi1999 won by resignation"]

1. d4 d5 2. c4 e6 3. Nc3 Nf6 4. cxd5 Nxd5 5. e4 Nxc3 6. bxc3 c5 7. a3 Be7 8. Nf3 O-O 9. Bc4 b6 10. O-O Nc6 11. Be3 Bb7 12. Ba2 Na5 13. Qd3 Qc7 14.
Rfd1 Rad8 15. h3 c4 16. Qc2 f5 17. exf5 Bxf3 18. gxf3 Rxf5 19. Qe2 Rdf8 20. f4 Bd6 21.
Bb1 R5f6 22. Qh5 g6 23. Qh4 Bxf4 24. Be4 Nb7 25. Re1 Nd6 26. Bg2 Qf7 27. Qg4 Bxe3 28.
fxe3 h5 29. Qg3 Nf5 30. Qe5 Nh4 31. Rf1 Rf2 32. Qg3 Rxg2+ 33. Qxg2 Nxg2 34. Rxf7 Rxf7 35. Kxg2 Rf5 36. Rb1 Ra5 37. Rb4 b5 38. a4 a6 39.
axb5 axb5 40. Rb2 Kf7 41. Kf3 Kf6 42. e4 g5 43. Ke3 Ra3 44. Rf2+ Kg6 45. Rc2 b4 46.
Kd2 Rxc3 47. Rxc3 bxc3+ 48. Kxc3 g4 49. hxg4 hxg4 50. Kd2 g3 51. Ke3 g2 52. Kf2 c3 53.
Kxg2 c2 0-1

[Event "*** Titled Tuesday Blitz"]
[Site "Chess.com"]
[Date "2020.05.05"]
[Round "1"]
[White "EfM13"]
[Black "IMRosen"]
[Result "0-1"]
[WhiteElo "2226"]
[BlackElo "2565"]
[TimeControl "180+1"]
[EndTime "10:07:54 PDT"]
[Termination "IMRosen won on time"]

1. e4 c5 2. c3 d5 3. exd5 Qxd5 4. d4 Nf6 5. Na3 e6 6. Nf3 Nc6 7. Nb5 Qd8 8. Bf4 Nd5 9. Bg5 Be7 10. Bxe7 Qxe7 11.
dxc5 O-O 12. Be2 Qxc5 13. O-O b6 14. Re1 Bb7 15. a4 Rfd8 16. Qc2 Rac8 17. Ng5 Nf6 18. Bd3 h6 19. Bh7+ Kf8 20. Nxf7 Kxf7 21. Qg6+ Kf8 22. Rxe6 Qg5 23. Nd6 Qxg6 24. Bxg6 Rc7 25. Rae1 Bc8 26. Nxc8 Rdxc8 27. f4 Re7 28. f5 Rxe6 29. Rxe6 Ne7 30.
h3 Rd8 31. g4 Nxg6 32. fxg6 Re8 33. Rc6 Rd8 34. Rc7 Rd7 35. Rc8+ Ke7 36. b4 Ne4 37. h4 Kf6 38. Rc6+ Ke5 39. g5 hxg5 40. h5 Kf4 41.
Re6 g4 42. Kg2 Rd2+ 43. Kf1 Kf3 44. Ke1 Ra2 45. Rxe4 Kxe4 46. h6 g3 47. hxg7 g2 0-1

[Event "*** Titled Tuesday Blitz"]
[Site "Chess.com"]
[Date "2020.05.05"]
[Round "1"]
[White "H3nriqueTV"]
[Black "ThePatrick27"]
[Result "0-1"]
[WhiteElo "2167"]
[BlackElo "2528"]
[TimeControl "180+1"]
[EndTime "10:07:54 PDT"]
[Termination "ThePatrick27 won by checkmate"]

1. e4 e5 2. Nf3 Nc6 3. Bc4 Bc5 4. d3 Nf6 5. Nbd2 d6 6. Nf1 O-O 7. Ng3 d5 8. exd5 Nxd5 9. O-O f6 10. a3 Be6 11. b4 Bb6 12. Ne4 Re8 13. Bd2 Kh8 14.
Nh4 Qd7 15. Qh5 Bf7 16. Qf5 Qxf5 17. Nxf5 a5 18. b5 Nd4 19. Nxd4 Bxd4 20. c3 Bb6 21. Kh1 Rad8 22. f4 exf4 23. Bxf4 Kg8 24. Bd2 Ne3 25. Bxf7+ Kxf7 26. Bxe3 Bxe3 27. Rad1 Bb6 28. c4 Rd4 29. c5 Ba7 30. Rb1 Rxd3 31. b6 cxb6 32. Nd6+ Rxd6 33. cxd6 Rd8 34. Rfd1 Ke6 35. Re1+ Kf5 36. Rbd1 Bb8 37. d7 Be5 38. Re2 b5 39. Red2 b4 40. axb4 axb4 41. Rd5 Ke6 42. Rb5 Bc3 43. Rxb7 g5 44. Rc7 h5 45. Re1+ Kf7 46. Rd1 Ke7 47. h3 g4 48.
hxg4 hxg4 49. Kh2 f5 50. Kg1 f4 51. Kf1 g3 52. Rc4 Rxd7 53. Rxd7+ Kxd7 54. Ke2 Ke6 55. Kf3 Ke5 56. Rc5+ Kd4 57. Rc8 b3 58. Rb8 b2 59.
Kxf4 Kd3 60. Kxg3 Be5+ 61. Kf3 Bxb8 62. g3 b1=Q 63. g4 Qf1# 0-1

[Event "*** Titled Tuesday Blitz"]
[Site "Chess.com"]
[Date "2020.05.05"]
[Round "1"]
[White "elohunter1999"]
[Black "Kate1606"]
[Result "1/2-1/2"]
[WhiteElo "2495"]
[BlackElo "2107"]
[TimeControl "180+1"]
[EndTime "10:07:54 PDT"]
[Termination "Game drawn by stalemate"]

1. e4 c5 2. Nf3 g6 3. d4 cxd4 4. Nxd4 Nc6 5. c4 Nf6 6. Nc3 d6 7. f3 Nxd4 8. Qxd4 Bg7 9. Be3 O-O 10. Qd2 Be6 11. Rc1 Qa5 12. b3 Rfc8 13. Bd3 a6 14.
Ne2 Qxd2+ 15. Kxd2 b5 16. Nd4 Bd7 17. cxb5 Rxc1 18.
Rxc1 axb5 19. Rc2 b4 20. Kc1 h5 21. Kb1 e5 22. Nc6 Bxc6 23. Rxc6 d5 24. Bg5 dxe4 25. Bc4 exf3 26. gxf3 Nh7 27. Rxg6 Nxg5 28. Rxg5 e4 29.
fxe4 Re8 30. Bd5 Rc8 31. Rxh5 Rc3 32. Rf5 Re3 33. Rxf7 Kh8 34. Rf2 Re1+ 35. Kc2 Ra1 36. Kd3 Rd1+ 37. Kc4 Bc3 38. a4 Be1 39. Rc2 Bc3 40.
a5 Ra1 41. Kb5 Kg7 42. a6 Kf6 43. Kb6 Bd4+ 44. Kb7 Ke5 45. Rc4 Bf2 46. Rxb4 Ra2 47. Rb6 Bxb6 48. Kxb6 Kd4 49. a7 Kc3 50. a8=Q Rxa8 51.
Bxa8 Kd4 52. Bd5 Ke5 53. h4 Kf4 54. Kc5 Kg4 55. b4 Kxh4 56. b5 Kg4 57. b6 Kf4 58. b7 Ke3 59. b8=Q Kf2 60. Qf4+ Kg1 61. e5 1/2-1/2

[Event "*** Titled Tuesday Blitz"]
[Site "Chess.com"]
[Date "2020.05.05"]
[Round "1"]
[White "fish7728"]
[Black "lupta_robin"]
[Result "0-1"]
[WhiteElo "2064"]
[BlackElo "2495"]
[TimeControl "180+1"]
[EndTime "10:07:54 PDT"]
[Termination "lupta_robin won on time"]

1. d4 d5 2. c4 Nc6 3. e3 e5 4. cxd5 Qxd5 5. Nc3 Bb4 6. Bd2 Bxc3 7. bxc3 Nf6 8. c4 Qd6 9. d5 Nb8 10. Nf3 Na6 11.
Be2 O-O 12. O-O Nc5 13. Bc3 Re8 14. Qc2 b6 15. Nd2 a5 16. e4 Bg4 17. f3 Bd7 18. Rfe1 Nh5 19. Nf1 Nf4 20. Ne3 Qg6 21. Kh1 h5 22.
Bf1 h4 23. Rac1 Qg5 24. Qd2 Rad8 25. Rcd1 Bc8 26. Qf2 Rd6 27. g4 hxg3 28. hxg3 Rh6+ 29. Kg1 Nh5 30. g4 Nf4 31. Qg3 f6 32. Kf2 Kf7 33.
Ng2 Nh3+ 34. Ke2 Nxe4 35. fxe4 Bxg4+ 36. Kd3 Bxd1 37. Qxg5 fxg5 38. Rxd1 Nf2+ 39. Ke2 Nxd1 40. Kxd1 Rh1 41. Ne3 Kf6 42. Ke2 Rh4 43. Nf5 Rxe4+ 44. Kd3 Kxf5 45. Bh3+ g4 46. Bg2 Rf4 47. Bd2 e4+ 48. Kd4 e3+ 0-1

[Event "*** Titled Tuesday Blitz"]
[Site "Chess.com"]
[Date "2020.05.05"]
[Round "1"]
[White "annamaja"]
[Black "SoltaniciR"]
[Result "1-0"]
[WhiteElo "2307"]
[BlackElo "2597"]
[TimeControl "180+1"]
[EndTime "10:07:55 PDT"]
[Termination "annamaja won on time"]

1. e4 c5 2. Nf3 d6 3. d4 cxd4 4.
Nxd4 Nf6 5. Nc3 a6 6. g3 e6 7. Bg2 Nc6 8. O-O Bd7 9. Be3 Be7 10. a4 Qc7 11. f4 Na5 12. Qd3 Nc4 13. Bc1 Rc8 14. b3 Na5 15. Bb2 O-O 16. Kh1 Nc6 17.
Nxc6 Bxc6 18. f5 Rfe8 19. fxe6 fxe6 20. Ne2 b5 21. axb5 axb5 22. Nd4 e5 23. Nf5 Bb7 24.
Nxe7+ Rxe7 25. Rf2 b4 26. Rd1 Rd7 27. Bh3 Bxe4+ 28.
Qxe4 Nxe4 29. Be6+ Kh8 30. Rf3 Rdd8 31. Bxc8 Rxc8 32.
Rdf1 Nf6 33. g4 Qc6 34. g5 Nh5 35. Kg1 Nf4 36. Bc1 Qc5+ 37. Kh1 Qxc2 38. Bxf4 exf4 39.
Rxf4 Kg8 40. h4 Qxb3 41. Rf5 Qh3+ 42. Kg1 Qg4+ 43. Kh2 Qxh4+ 44. Kg1 Qg4+ 45. Kh1 b3 46. g6 hxg6 47. Rb5 Qe4+ 48. Kg1 1-0

[Event "*** Titled Tuesday Blitz"]
[Site "Chess.com"]
[Date "2020.05.05"]
[Round "1"]
[White "Nikolaj_6"]
[Black "RobPeresian"]
[Result "1-0"]
[WhiteElo "2607"]
[BlackElo "2286"]
[TimeControl "180+1"]
[EndTime "10:07:55 PDT"]
[Termination "Nikolaj_6 won on time"]

1. e4 e5 2. Nf3 Nc6 3. Bb5 Nf6 4.
d3 Bc5 5. c3 d6 6. O-O O-O 7. Bg5 h6 8. Bh4 Bd7 9. Ba4 Re8 10.
Nbd2 Qe7 11. b4 Bb6 12. Nc4 g5 13. Bg3 Bg4 14. Ne3 Be6 15. Bb3 Ng4 16. Bxe6 Qxe6 17. Nf5 Qg6 18. Nd2 h5 19. Nc4 Nh6 20. Nxh6+ Qxh6 21. h3 Ne7 22. a4 c6 23. Kh1 Ng6 24.
Nxd6 Nf4 25. Nxe8 Rxe8 26. Bxf4 gxf4 27. Qf3 Kh7 28. a5 Bc7 29. d4 exd4 30. cxd4 Qg6 31. Rfe1 Bd6 32. Rab1 Rg8 33. e5 Be7 34. Qe4 a6 35.
Qxg6+ fxg6 36. g3 fxg3 37. fxg3 Kg7 38. Kg2 Rd8 39. Red1 Rd5 40. Kf3 Kf7 41. Ke4 Ke6 42.
g4 Rb5 43. gxh5 gxh5 44. Rg1 h4 45. Rg6+ Kd7 46. Rh6 b6 47. axb6 Rxb6 48. Rh7 a5 49. Rg1 Ke6 50. Rg6+ 1-0

[Event "*** Titled Tuesday Blitz"]
[Site "Chess.com"]
[Date "2020.05.05"]
[Round "1"]
[White "Gubajdullin"]
[Black "norwaytoadog"]
[Result "1-0"]
[WhiteElo "2528"]
[BlackElo "2169"]
[TimeControl "180+1"]
[EndTime "10:07:55 PDT"]
[Termination "Gubajdullin won on time"]

1. d4 d5 2. Bf4 c5 3. e3 Nc6 4. c3 Bf5 5. Qb3 Qb6 6. dxc5 Qxb3 7. axb3 e5 8. Bg3 Bxc5 9. b4 Bd6 10. Nf3 f6 11. Nd4 Bd7 12. Na3 Nge7 13. Nb3 Nf5 14. Rd1 Nxg3 15. hxg3 Ne7 16. Bb5 a6 17. Bxd7+ Kxd7 18.
e4 Ke6 19. exd5+ Nxd5 20. Nc4 Be7 21. Rxd5 Kxd5 22. Nb6+ Ke6 23. Nxa8 Rxa8 24. Rxh7 g5 25. Nc5+ Bxc5 26. bxc5 Rb8 27. Rc7 Kd5 28. Kd2 Kc4 29. Kc2 a5 30. b3+ Kd5 31. Kd3 Rh8 32. c4+ Ke6 33.
Rxb7 Rh2 34. Rb6+ Ke7 35. Ra6 Rxg2 36. Ke3 f5 37. Rxa5 f4+ 38. gxf4 exf4+ 39. Kf3 Rh2 40. Ra7+ Kd8 41. b4 Rh3+ 42. Ke4 Rc3 43. Kd5 Rd3+ 44. Kc6 g4 45. b5 g3 46. fxg3 fxg3 47. b6 g2 48. Rg7 Rb3 49. Rg8+ Ke7 50. Rxg2 1-0

[Event "*** Titled Tuesday Blitz"]
[Site "Chess.com"]
[Date "2020.05.05"]
[Round "1"]
[White "gmcorrales"]
[Black "TERMINATOR_PC"]
[Result "0-1"]
[WhiteElo "2798"]
[BlackElo "2438"]
[TimeControl "180+1"]
[EndTime "10:07:57 PDT"]
[Termination "TERMINATOR_PC won by resignation"]

1. e4 Nf6 2. e5 Nd5 3. d4 d6 4. c4 Nb6 5. exd6 cxd6 6. Nc3 g6 7.
Be3 Bg7 8. Rc1 O-O 9. b3 e5 10.
dxe5 dxe5 11. Qxd8 Rxd8 12. c5 N6d7 13. Nf3 Nc6 14.
Ng5 h6 15. Nge4 Nf8 16. Nd6 Rb8 17. Nxc8 Rbxc8 18. Nb5 Ne6 19. Nd6 Rc7 20. Bc4 Ncd4 21.
b4 b6 22. Bxd4 Nxd4 23. O-O bxc5 24. bxc5 Bf8 25. f4 exf4 26. Nxf7 Rxf7 27. c6 g5 28. Rfd1 Nxc6 29. Rxd8 Nxd8 30. Rd1 Nc6 31. Rd7 Ne5 32. Bxf7+ Nxf7 33. Kf1 Bc5 34. Ke2 Bb6 35. Rb7 Ne5 36. g3 f3+ 37. Kf1 f2 38. a4 Ng4 39. Rb8+ Kg7 40.
Kg2 Kg6 41. Rb7 Nxh2 42. Rxb6+ axb6 43. Kxf2 Ng4+ 44. Kf3 h5 45. Ke4 Nf2+ 46. Ke3 Ng4+ 47. Kd4 Kf6 48. Kc4 h4 49. Kb5 hxg3 50. a5 g2 51. a6 g1=Q 52. a7 Qg2 53. Kxb6 Qa8 54. Kc7 Ne5 0-1

[Event "*** Titled Tuesday Blitz"]
[Site "Chess.com"]
[Date "2020.05.05"]
[Round "1"]
[White "XDPS"]
[Black "PotapovaM"]
[Result "1-0"]
[WhiteElo "2705"]
[BlackElo "2366"]
[TimeControl "180+1"]
[EndTime "10:07:58 PDT"]
[Termination "XDPS won by resignation"]

1. e4 c5 2. Nf3 d6 3. d4 cxd4 4. Nxd4 Nf6 5. Nc3 a6 6. Be2 e5 7.
Nf3 Qc7 8. Bg5 Nbd7 9. a4 b6 10. O-O Bb7 11. Nd2 Be7 12. f3 O-O 13. Nc4 h6 14.
Bh4 Rfe8 15. Bf2 Rac8 16. Ne3 Bf8 17. Bc4 Qb8 18. Qe2 Nc5 19. Rfd1 Ne6 20. Bxa6 Nf4 21. Qf1 Qa7 22. Bc4 g6 23. Nb5 Qb8 24. Bb3 Ne6 25.
c3 Kg7 26. Kh1 Nc5 27. Bc2 Ne6 28. Bh4 Nh5 29. Bb3 Nc5 30. Bd5 Ba6 31. Bc4 Bb7 32.
Nd5 Bc6 33. Bf2 Qb7 34. b4 Nd7 35. Bb3 Red8 36. c4 Ndf6 37. Nxb6 Rb8 38. Nd5 Nxd5 39. exd5 Be8 40. Bc2 Qc8 41. Rdb1 Rb7 42. Bd3 f5 43. a5 Nf4 44. a6 Rb8 45. Na7 Qd7 46. b5 Ra8 47. Nc6 Rdc8 48. b6 Rxc6 49. dxc6 Qxc6 50.
b7 Rd8 51. a7 e4 52. fxe4 fxe4 53. Bd4+ Kh7 54. Qxf4 exd3 55. b8=Q Be7 56. Qxd8 Bxd8 57. Qf8 1-0

[Event "*** Titled Tuesday Blitz"]
[Site "Chess.com"]
[Date "2020.05.05"]
[Round "1"]
[White "Turquoise_2701"]
[Black "Zhani-Z"]
[Result "1/2-1/2"]
[WhiteElo "2146"]
[BlackElo "2508"]
[TimeControl "180+1"]
[EndTime "10:07:58 PDT"]
[Termination "Game drawn by repetition"]

1. c4 Nf6 2. Nf3 e6 3. g3 b6 4.
Bg2 Bb7 5. O-O c5 6. Nc3 Be7 7. d4 cxd4 8. Nxd4 Bxg2 9. Kxg2 d6 10. b3 a6 11. f3 O-O 12. Be3 Qc7 13. Rc1 Nbd7 14.
Qe1 Rac8 15. Qf2 Qb7 16. Kg1 Rc7 17. Rfd1 Rfc8 18. Qe1 h6 19. Bf2 d5 20. cxd5 Bb4 21. Nc6 Nxd5 22. Nxb4 Nxb4 23. a3 Nd5 24. Nxd5 exd5 25.
Qd2 Rxc1 26. Rxc1 Rxc1+ 27. Qxc1 Ne5 28. Qe3 Nc6 29. Qxb6 Qc8 30. Qc5 Qd7 31. b4 Ne5 32. Qa5 Qc6 33. Qd8+ Kh7 34. Bc5 Nc4 35. Qe7 Qg6 36.
e4 dxe4 37. Qxe4 Qxe4 38. fxe4 Nxa3 39. Kf2 Nb5 40. Ke3 Kg6 41. h3 Kf6 42. Bd4+ Kg6 43. Bc5 Kf6 44. Bd4+ Kg6 45. Bc5 1/2-1/2

[Event "*** Titled Tuesday Blitz"]
[Site "Chess.com"]
[Date "2020.05.05"]
[Round "1"]
[White "Maghalashvili"]
[Black "Kostya26"]
[Result "1/2-1/2"]
[WhiteElo "2801"]
[BlackElo "2429"]
[TimeControl "180+1"]
[EndTime "10:07:59 PDT"]
[Termination "Game drawn by repetition"]

1. Nf3 d5 2. g3 Nf6 3. Bg2 Bf5 4. O-O e6 5. d3 c6 6. c4 Be7 7. cxd5 exd5 8. Qb3 Qb6 9. Qc2 O-O 10. Nc3 h6 11. e4 Bh7 12. e5 Nfd7 13. Qe2 Nc5 14. d4 Ne6 15. Be3 Na6 16. a3 Rfd8 17. b4 Nac7 18. Rfd1 a5 19. Na4 Qa7 20. Qb2 b5 21. Nc5 Nxc5 22.
dxc5 axb4 23. axb4 Qb7 24. Nd4 Ne6 25. Bh3 Nxd4 26. Bxd4 Bf8 27. f4 Rxa1 28. Rxa1 Ra8 29. f5 Ra6 30. g4 Qa8 31. Bf1 Rxa1 32. Qxa1 Qxa1 33. Bxa1 h5 34. h3 hxg4 35. hxg4 Be7 36. Kf2 Bg5 37. Bc3 Kf8 38. Bd3 Ke8 39. Ke2 f6 40. e6 Ke7 41. Bd2 Bh4 42. Bf4 Bg8 43. Bd6+ Ke8 44. Kd2 g5 45. fxg6 Bg5+ 46. Kc3 Bxe6 47.
Bf5 Bxf5 48. gxf5 Bh6 49. Kd4 Bg7 50. Ke3 Kd7 51. Kf4 Ke8 52. Kg4 Kd7 53. Bf4 Ke7 54.
Be3 Kf8 55. Bd4 Ke7 56. Kh5 Kf8 57. Bc3 Ke7 58. Bd2 Kf8 59. Bf4 Ke7 60. Bd6+ Ke8 61. Kg4 Kd7 62. Kf4 Ke8 63. Ke3 Kd7 64. Kd4 Ke8 65.
Ke3 1/2-1/2

[Event "*** Titled Tuesday Blitz"]
[Site "Chess.com"]
[Date "2020.05.05"]
[Round "1"]
[White "Igor_Lysyj"]
[Black "Budisavljevic"]
[Result "1-0"]
[WhiteElo "2773"]
[BlackElo "2400"]
[TimeControl "180+1"]
[EndTime "10:07:59 PDT"]
[Termination "Igor_Lysyj won by checkmate"]

1. d4 Nf6 2. c4 a6 3. Nc3 c5 4. d5 b5 5. cxb5 axb5 6. Nxb5 Qa5+ 7. Nc3 Bb7 8. Bd2 Qb6 9. e4 e6 10. Bc4 Nxe4 11. Nf3 Nf6 12. O-O exd5 13. Re1+ Be7 14.
Bf1 Nc6 15. Na4 Qa7 16. b3 O-O 17. Bg5 d4 18. Bb5 Rfe8 19. Rc1 Nb4 20. Bxf6 Bxf6 21.
Rxe8+ Rxe8 22. Nxc5 Nxa2 23. Nxd7 Nxc1 24. Nxf6+ gxf6 25. Bxe8 Bxf3 26. Qxc1 Bd5 27. Ba4 Kg7 28. h4 Qb7 29.
Qf4 Bxb3 30. Qg3+ Kh8 31. Bxb3 Qe4 32. Bxf7 Qa8 33. Bc4 Qc8 34. Bd3 Qc1+ 35. Kh2 Qc5 36. Qb8+ Kg7 37. Qb7+ Kf8 38. Qxh7 Qe5+ 39. g3 Qe1 40.
Qf5 Kg7 41. Qg6+ Kh8 42. Qxf6+ Kg8 43. Bc4+ Kh7 44. Qf7+ Kh6 45. Qf6+ Kh7 46. Qf5+ Kg7 47. Bd3 Kg8 48. h5 Kg7 49. h6+ Kg8 50. Bc4+ Kh8 51.
Qf6+ Kh7 52. Qg7# 1-0

[Event "*** Titled Tuesday Blitz"]
[Site "Chess.com"]
[Date "2020.05.05"]
[Round "1"]
[White "FeketeBarika"]
[Black "NewBornNow"]
[Result "0-1"]
[WhiteElo "2283"]
[BlackElo "2606"]
[TimeControl "180+1"]
[EndTime "10:08:00 PDT"]
[Termination "NewBornNow won by resignation"]

1. Nf3 c5 2. g3 g6 3. Bg2 Bg7 4. c4 Nc6 5. O-O e6 6. Nc3 Nge7 7. b3 O-O 8. Bb2 b6 9. e3 Bb7 10. Qe2 d5 11. cxd5 exd5 12. Rfd1 d4 13. Na4 d3 14. Qf1 Ba6 15. Bxg7 Kxg7 16. a3 Qd6 17. Ne1 Rad8 18. Rdc1 Na5 19. Rab1 Qd7 20. Nc3 c4 21. b4 Nb3 22.
Rd1 b5 23. Ne4 f5 24. Ng5 h6 25. Ngf3 Qd6 26. h4 Bb7 27. Kh2 Be4 28. Ng1 a5 29. bxa5 Qxa3 30. f3 Bc6 31. Nh3 Qxa5 32. Nf4 Rf6 33.
Qf2 Qa2 34. h5 g5 35. Nh3 c3 36. Rxb3 Qxb3 37. Rc1 c2 38. Bf1 Rfd6 39. f4 g4 40. Ng1 Be4 41. Ng2 Qb2 42. Qe1 b4 43. Nh4 b3 44.
Bg2 Qa3 45. Bxe4 fxe4 46. Qf1 b2 47. Re1 c1=Q 48. Rxc1 bxc1=Q 0-1

[Event "*** Titled Tuesday Blitz"]
[Site "Chess.com"]
[Date "2020.05.05"]
[Round "1"]
[White "TargetA"]
[Black "yandry1996"]
[Result "1-0"]
[WhiteElo "2527"]
[BlackElo "2165"]
[TimeControl "180+1"]
[EndTime "10:08:00 PDT"]
[Termination "TargetA won by resignation"]

1. c4 Nf6 2. Nc3 e6 3. d4 d5 4. Nf3 c6 5. e3 Bd6 6. Bd3 O-O 7. O-O Nbd7 8. Qc2 e5 9. cxd5 cxd5 10. dxe5 Nxe5 11.
Nxe5 Bxe5 12. Rd1 Be6 13. Bd2 Rc8 14. Rac1 h6 15. Qa4 a6 16. Bb1 b5 17. Qh4 Ng4 18. Qxd8 Rfxd8 19. h3 Nf6 20. a3 Rc6 21. Bd3 Rdc8 22.
Rb1 Kf8 23. Be1 d4 24. exd4 Bxd4 25. Ne2 Be5 26. Bc3 Bxc3 27. Nxc3 Nd5 28. Nxd5 Bxd5 29.
Bxb5 axb5 30. Rxd5 Rc1+ 31. Rxc1 Rxc1+ 32. Kh2 b4 33. axb4 Rc2 34. Kg3 Rxb2 35. Rb5 Ke7 36. Rb6 g6 37. h4 h5 38. Kf3 Kf8 39. g3 Ke7 40. Ke3 Rb3+ 41. Kf4 Rb2 42. f3 Rb3 43. g4 hxg4 44.
fxg4 Kf8 45. h5 gxh5 46. gxh5 Kg7 47. h6+ Kh7 48. Ke4 Rh3 49. b5 Rb3 50. Kd4 Rb1 51.
Kc4 Rb2 52. Rf6 Rc2+ 53. Kd5 Rb2 54. Kc6 Rc2+ 55. Kb7 Rb2 56. b6 Kg8 57. Kc7 1-0

[Event "*** Titled Tuesday Blitz"]
[Site "Chess.com"]
[Date "2020.05.05"]
[Round "1"]
[White "WIDBIFS"]
[Black "SiddharthGMJagadeesh"]
[Result "1-0"]
[WhiteElo "2781"]
[BlackElo "2403"]
[TimeControl "180+1"]
[EndTime "10:08:01 PDT"]
[Termination "WIDBIFS won by resignation"]

1. d4 d5 2. Nf3 Nf6 3. Bf4 e6 4. e3 Bd6 5. Bg3 O-O 6. Nbd2 c5 7. c3 Qc7 8. Bd3 Nbd7 9. Qc2 b6 10. O-O Bxg3 11.
hxg3 e5 12. dxe5 Nxe5 13. Nxe5 Qxe5 14. Nf3 Qe7 15. Rad1 Bb7 16. a3 Rfd8 17. Rd2 Ne4 18. Rdd1 Rac8 19. Nd2 Nf6 20. Bf5 Rc7 21. Rfe1 h6 22.
Nf3 Bc8 23. Bxc8 Rcxc8 24. c4 dxc4 25. Qxc4 Rxd1 26. Rxd1 Rd8 27. Re1 Qe4 28. Qa6 Rd7 29. Qc8+ Kh7 30. Qb8 Qd5 31. Qc8 Ne4 32. Ne5 Re7 33.
Nf3 c4 34. Nd4 Nc5 35. Rd1 Nd3 36. b3 Ne5 37. Qf5+ g6 38. Qf6 Rd7 39. bxc4 Nxc4 40.
Rc1 Nxa3 41. Rc8 Rd8 42. Rxd8 Qxd8 43. Qxd8 Nc4 44. Qc7 Ne5 45. Qxe5 1-0

[Event "*** Titled Tuesday Blitz"]
[Site "Chess.com"]
[Date "2020.05.05"]
[Round "1"]
[White "silverback96"]
[Black "bait_or_mate"]
[Result "0-1"]
[WhiteElo "2110"]
[BlackElo "2505"]
[TimeControl "180+1"]
[EndTime "10:08:01 PDT"]
[Termination "bait_or_mate won by resignation"]

1. d4 Nf6 2. c4 e6 3. g3 d5 4.
Bg2 Bb4+ 5. Nc3 O-O 6. Nf3 dxc4 7. O-O c5 8. dxc5 Bxc5 9. Ne5 Nbd7 10. Nxc4 Qe7 11.
Qc2 h6 12. Be3 Bxe3 13. Nxe3 Rb8 14. Rfd1 b5 15. Qd3 Nc5 16. Qd6 Qxd6 17. Rxd6 b4 18. Nb1 Ba6 19. Bf3 Rfd8 20. Rd2 Nce4 21. Rc2 Rbc8 22.
a3 Rxc2 23. Nxc2 Rd1+ 24. Kg2 b3 25. Nb4 Bc4 26. Bxe4 Nxe4 27. Kf3 Rxb1 28. Rxb1 Nd2+ 29. Ke3 Nxb1 30. a4 Kf8 31. a5 Ke7 32. Nc6+ Kd6 33.
Nxa7 Kc7 34. Kd4 Bxe2 35. Kc5 Nd2 36. Nc6 Kb7 37. Ne5 f6 38. Ng6 Nc4 39. Kb4 Nxb2 40.
Kxb3 Nd3 41. Kc3 Nxf2 42. Kd2 Ba6 43. Ne7 Kc7 44. h4 Kd7 45. Ng6 e5 46. Nh8 Ne4+ 47.
Ke3 Nxg3 48. Kf3 Nf5 49. Kg4 Ke6 50. Ng6 Be2+ 51. Kh3 Kf7 52. h5 Bxh5 53. a6 Kxg6 54. a7 Bf3 55. a8=Q Bxa8 0-1

[Event "*** Titled Tuesday Blitz"]
[Site "Chess.com"]
[Date "2020.05.05"]
[Round "1"]
[White "LiemLe"]
[Black "m_ezat"]
[Result "1-0"]
[WhiteElo "2972"]
[BlackElo "2466"]
[TimeControl "180+1"]
[EndTime "10:08:02 PDT"]
[Termination "LiemLe won by resignation"]

1. d4 Nf6 2. c4 g6 3. Nc3 Bg7 4. e4 d6 5. Nge2 O-O 6. Ng3 e5 7. d5 h5 8. Bg5 c6 9. Be2 Qb6 10. Qd2 Nh7 11. Be3 Qd8 12. h4 cxd5 13. cxd5 Nd7 14. O-O-O Nhf6 15. Kb1 a5 16. Bh6 Nc5 17. Bxg7 Kxg7 18. f4 Qe7 19. Rhf1 Ng4 20. f5 Qxh4 21. Bxg4 Qxg4 22. Rf3 h4 23. f6+ Kh7 24. Rh1 g5 25.
Qe3 Bd7 26. Nd1 Kg6 27. Nf2 Qxg3 28. Rxg3 hxg3 29. Nh3 Bxh3 30. Rxh3 Rh8 31. Rxg3 Rh5 32. a3 Kxf6 33. Qf3+ Kg6 34. Qf5+ Kg7 35. Rf3 Rf8 36. b4 axb4 37. axb4 Na4 38. Qf6+ Kg8 39. Kc2 b5 40. Rh3 Rxh3 41. gxh3 Nb6 42. Qxg5+ Kh7 43. Qf5+ Kg7 44. Qg5+ Kh7 45. Qe7 Rc8+ 46. Kd3 Kg7 47. Qxd6 Nc4 48. Qd7 Ra8 49. Qxb5 Nb2+ 50. Kc2 Na4 51. Qc6 Ra7 52. d6 Kf6 53. Kb3 Ke6 54. Qd5+ Kd7 55. Qxf7+ Kxd6 56. Qxa7 Ke6 57. Qa6+ Kf7 58. Kxa4 Kg7 59. Qe6 1-0

[Event "*** Titled Tuesday Blitz"]
[Site "Chess.com"]
[Date "2020.05.05"]
[Round "1"]
[White "MartinCerveny"]
[Black "Batsai"]
[Result "0-1"]
[WhiteElo "2576"]
[BlackElo "2278"]
[TimeControl "180+1"]
[EndTime "10:08:02 PDT"]
[Termination "Batsai won by resignation"]

1. d4 Nf6 2. c4 g6 3. Nc3 d5 4. cxd5 Nxd5 5. e4 Nxc3 6. bxc3 Bg7 7. Nf3 O-O 8. Be2 b6 9. O-O Bb7 10. Qd3 Nd7 11. Bg5 Nf6 12. e5 Nd5 13. a3 h6 14.
Bd2 e6 15. h4 c5 16. h5 Ne7 17. hxg6 fxg6 18. Nh4 Qe8 19. Qh3 Nf5 20. Nxf5 gxf5 21. Bxh6 Qg6 22. Bxg7 Kxg7 23. dxc5 bxc5 24. Rad1 Rad8 25.
Bf3 Rh8 26. Qg3 Qxg3 27. fxg3 Ba6 28. Rfe1 Kf7 29. Kf2 Ke7 30. Ke3 Rb8 31. Rb1 Rb6 32. Rxb6 axb6 33. Rb1 Rb8 34. Rh1 Rd8 35. Rh7+ Kf8 36.
Rh8+ Ke7 37. Rxd8 Kxd8 38. Kf4 Ke7 39. Kg5 Bd3 40. g4 fxg4 41. Bxg4 Kf7 42. Kh6 b5 43.
Bf3 Ke7 44. g4 Kf7 45. g5 Bg6 46. Bh5 Bxh5 47. Kxh5 Kg7 48. g6 Kg8 49. Kh6 Kh8 50.
g7+ Kg8 51. Kg6 b4 52. axb4 cxb4 53. c4 b3 54. c5 b2 55. c6 b1=Q+ 56. Kf6 Qb6 57.
Kxe6 Qxc6+ 58. Kf5 Kxg7 0-1

[Event "*** Titled Tuesday Blitz"]
[Site "Chess.com"]
[Date "2020.05.05"]
[Round "1"]
[White "Nafania1"]
[Black "Gareth-Bale11"]
[Result "0-1"]
[WhiteElo "2393"]
[BlackElo "2750"]
[TimeControl "180+1"]
[EndTime "10:08:03 PDT"]
[Termination "Gareth-Bale11 won on time"]

1. e4 c5 2. Nf3 d6 3. Bb5+ Bd7 4. Bxd7+ Qxd7 5. c4 e5 6. Nc3 Nc6 7. a3 g6 8. h4 h6 9. h5 g5 10. Nh2 f5 11. d3 Nf6 12. Nd5 Nxd5 13. cxd5 Ne7 14. g4 fxe4 15. dxe4 Bg7 16. Nf1 O-O 17. Ng3 c4 18. O-O Rfc8 19. Be3 b5 20. f3 a5 21. Qe2 Qb7 22. Rfc1 Rc7 23. Kg2 Rac8 24. Qf2 Qa6 25.
Bb6 Rb7 26. Be3 Bf6 27. Rc2 Kf7 28. Ne2 Ng8 29. Nc3 Bd8 30. a4 bxa4 31. Rxa4 Rb4 32. Ra2 Ne7 33. Nb1 Bb6 34. Bxb6 Rxb6 35. Nd2 Rc5 36.
Rc3 Rb4 37. Nf1 Rb3 38. Ne3 Qb5 39. Qc2 Nc8 40. Kg3 Nb6 41. Nf5 Kf6 42. Nxd6 Qb4 43.
Nf5 Na4 44. d6 Nxc3 45. bxc3 Qb6 46. Qd2 Rc8 47. d7 Rd8 48. Rxa5 Rb1 49. Qf2 Rg1+ 50.
Kh3 Qxf2 0-1

[Event "*** Titled Tuesday Blitz"]
[Site "Chess.com"]
[Date "2020.05.05"]
[Round "1"]
[White "WanderingPuppet"]
[Black "LiamVrolijk"]
[Result "0-1"]
[WhiteElo "2390"]
[BlackElo "2743"]
[TimeControl "180+1"]
[EndTime "10:08:03 PDT"]
[Termination "LiamVrolijk won on time"]

1. e4 e5 2. Nf3 Nc6 3. Bb5 a6 4. Ba4 Nf6 5. O-O b5 6. Bb3 Bc5 7. c3 d6 8. d4 Bb6 9. Bg5 h6 10. Bh4 O-O 11. Qc1 exd4 12. cxd4 Nxd4 13. Nxd4 Bxd4 14. Nc3 g5 15. Bg3 Be6 16. Kh1 Bxc3 17.
Qxc3 Nxe4 18. Qe3 Bxb3 19. Qxe4 f5 20. Qb1 Bc4 21. Re1 Qf6 22. b3 Bd5 23. f3 Rae8 24. Qd3 c6 25. Bf2 Qf7 26. Bd4 Re6 27. Rxe6 Qxe6 28. Bb2 Re8 29. h3 Kh7 30. Qd4 Qf7 31. Kh2 Kg6 32. Rd1 Qe7 33. Kh1 Qe5 34. Qd2 Qe3 35. Qc2 Qe2 36. Rd2 Qe1+ 37. Kh2 h5 38.
Qc3 Qe5+ 39. Qxe5 dxe5 40. Re2 e4 41. fxe4 Bxe4 42. Kg1 Rd8 43. Kf2 Rd3 44. Ba3 Rd1 45.
Be7 h4 46. Bc5 Kf6 47. Bb6 Bd3 48. Rb2 Be4 49. Be3 f4 50. Bd2 Kf5 51. Bc3 Bd5 52.
Bb4 Rd3 53. Bc5 f3 54. gxf3 Rxf3+ 55. Kg1 Rxh3 56. Rf2+ Kg4 57. Rd2 Rh1+ 58. Kf2 Rh2+ 0-1